Description

test

Build Order

Get SALT Encoding   

  12  0:01  Probe  
  13  0:13  Probe  
  14  0:17  Pylon  
  14  0:25  Probe  
  15  0:35  Gateway  
  15  0:37  Probe (Chrono Boost)  
  16  0:46  Probe (Chrono Boost)  
  16  0:47  Assimilator  
  17  0:51  Probe (Chrono Boost)  
  17  0:55  Assimilator  
  18  1:03  Probe (Chrono Boost)  
  19  1:07  Gateway  
  19  1:12  Probe (Chrono Boost)  
  19  1:18  Probe  
  20  1:24  Cybernetics Core  
  21  1:30  Probe  
  22  1:34  Pylon  
  24  2:02  Stalker, Sentry  
  24  2:04  Warp Gate  
  24  2:07  Pylon  
  28  2:34  Stargate  
  28  2:37  Nexus  
  28  2:50  Stalker x2  
  32  3:01  Shield Battery  
  33  3:16  Phoenix (Chrono Boost)  
  36  3:32  Phoenix (Chrono Boost)  
  39  3:50  Phoenix (Chrono Boost)  
  45  4:04  Robotics Facility  
  47  4:19  Assimilator x2  
  47  4:26  Forge  
  49  4:36  Phoenix  
  53  4:40  Pylon  
  53  4:50  Immortal  
  54  4:59  Pylon  
  59  5:00  Protoss Ground Weapons Level 1 (Chrono Boost)  
  61  5:18  Gateway  
  64  5:42  Gateway x3  
  65  5:51  Charge (Chrono Boost)  
  65  5:52  Immortal  
  69  6:03  Robotics Bay  
  71  6:18  Gateway  
  71  6:24  Zealot x2  
  77  6:38  Protoss Ground Weapons Level 2 (Chrono Boost)  
  79  6:51  Nexus  
  81  6:55  Disruptor x4  
  81  7:01  Disruptor  
  89  7:09  Disruptor  
  91  7:19  Gateway x2  
  91  7:21  Immortal (Chrono Boost)  
  100  10:00  Action  
  100  10:01  Action  
  100  10:02  Action  
  100  10:03  Action  
  100  10:04  Action  
  100  10:05  Action  
  100  10:06  Action  
  100  10:07  Action  
  100  10:08  Action  
  100  10:09  Action  
  100  10:10  Action  
  100  10:11  Action  
  100  10:12  Action  
  100  10:13  Action  
  100  10:14  Action  
  100  10:15  Action  
  100  10:16  Action  
  100  10:17  Action  
  100  10:18  Action  
  100  10:19  Action  
  100  10:20  Action  
  100  10:21  Action  
  100  10:22  Action  
  100  10:23  Action  
Spawning Tool Build Advisor. Get it on Overwolf

Analysis

test

Go to:

Details

  • Created by: eXon
  • Published on: Apr 21, 2018
  • Modified on: Apr 21, 2018
  • Patch: 4.0.0
Show
View Real Time Build Order
Export as new Build Order

Comments (0)

There are no comments. Be the first!

Create an account to comment!